AoeStats
← MZTK | GaboxNet .i.

Arabia

510378334Analyzed
3v3 RM · 1d ago on Sep 30, 2026· 80m 8s· 6 players
Game mode
Random Map
Map size
Normal (6 player)
Population
200
Speed
Normal
Resources
Standard
Victory
Conquest
Starting age
Dark Age
Ending age
Imperial Age
RankedLock teamsTeams togetherTeam positionsShared explorationLock speedFull tech treeHidden civsTurbo modeCheats
Victory
Defeat
🇩🇪 Tatars · Germany
1309
+12
🇩🇪 Danes · Germany
1264
+14
🇩🇪 Spanish · Germany
1248
+15
🇲🇽 Vietnamese · Mexico
1261
-15
🇲🇽 Persians · Mexico
1208
-13
🇲🇽 Saracens · Mexico
1206
-13
MZTK | GaboxNet .i.
7:22 Loom
9:41 Feudal Age
23:03 Castle Age
23:47 Bloodlines
24:18 Forging
25:50 Scale Barding Armor
27:03 Double-Bit Axe
30:34 Husbandry
31:40 Bow Saw
33:42 Wheelbarrow
35:23 Chain Barding Armor
34:57 Horse Collar
36:54 Iron Casting
41:03 Padded Archer Armor
41:04 Elite Skirmisher
42:02 Leather Archer Armor
48:45 Imperial Age
46:36 Hand Cart
48:32 Heavy Plow
48:32 Light Cavalry
48:57 Capped Ram
50:48 Blast Furnace
50:01 Hussar
51:29 Pikeman
52:07 Imperial Skirmisher
52:36 Halberdier
54:39 Coinage
54:30 Squires
55:01 Fletching
55:41 Ring Archer Armor
56:29 Scale Mail Armor
58:12 Conscription
57:31 Heavy Scorpion
59:12 Bodkin Arrow
61:28 Plate Barding Armor
66:25 Chain Mail Armor
74:49 Ballistics
MZTK l ROD
7:09 Loom
9:58 Feudal Age
10:35 Double-Bit Axe
12:01 Town Watch
19:26 Horse Collar
19:50 Fletching
24:44 Castle Age
23:37 Gold Mining
24:57 Crossbowman
25:35 Bodkin Arrow
26:29 Thumb Ring
27:30 Bow Saw
30:43 Wheelbarrow
30:34 Ballistics
32:03 Wheelbarrow
33:17 Stone Mining
33:48 Town Patrol
34:17 Padded Archer Armor
36:04 Stone Shaft Mining
37:53 Hand Cart
42:11 Imperial Age
42:04 Leather Archer Armor
42:16 Arbalester
44:38 Bracer
46:44 Paper Money
47:23 Elite Battle Elephant
48:04 Husbandry
48:14 Bloodlines
48:19 Forging
48:15 Scale Barding Armor
48:56 Chatras
50:16 Chain Barding Armor
50:31 Iron Casting
51:03 Two-Man Saw
50:06 Heavy Plow
54:00 Chemistry
57:21 Murder Holes
70:34 Plate Barding Armor
72:17 Elite Skirmisher
72:34 Elite Rattan Archer
74:41 Imperial Skirmisher
75:36 Pikeman
76:17 Squires
76:02 Arson
76:42 Scale Mail Armor
76:24 Halberdier
_MZTK_SIRO_
4:36 Loom
7:31 Loom
10:13 Feudal Age
10:17 Man-at-Arms
10:50 Double-Bit Axe
23:41 Horse Collar
27:37 Castle Age
26:08 Fletching
26:18 Padded Archer Armor
28:00 Crossbowman
28:46 Thumb Ring
28:59 Leather Archer Armor
36:49 Gold Mining
44:52 Wheelbarrow
45:11 Stone Mining
45:57 Gold Shaft Mining
48:06 Imperial Age
48:14 Imperial Age
46:23 Bow Saw
46:17 Heavy Plow
52:03 Conscription
59:41 Town Watch
60:30 Masonry
60:17 Elite Skirmisher
67:24 Ballistics
69:07 Chemistry
69:12 Hand Cart
72:42 Light Cavalry
73:33 Bloodlines
74:08 Murder Holes
78:04 Scale Barding Armor
78:09 Forging
Marcell D'Avis
4:51 Loom
10:37 Feudal Age
13:31 Wheelbarrow
15:30 Fletching
15:46 Double-Bit Axe
20:50 Padded Archer Armor
26:48 Castle Age
26:05 Bloodlines
27:09 Elite Skirmisher
49:02 Husbandry
50:43 Bodkin Arrow
52:33 Ballistics
53:15 Hand Cart
53:50 Leather Archer Armor
58:41 Imperial Age
57:38 Caravan
59:45 Masonry
60:17 Treadmill Crane
60:36 Heavy Cavalry Archer
63:36 Bracer
63:57 Bow Saw
65:07 Ring Archer Armor
65:57 Chemistry
65:37 Timurid Siegecraft
65:33 Silk Armor
68:50 Light Cavalry
69:56 Forging
69:51 Scale Barding Armor
72:01 Iron Casting
71:26 Hussar
74:07 Town Watch
76:04 Chain Barding Armor
76:45 Blast Furnace
78:16 Plate Barding Armor
BloodSpencer
5:09 Loom
9:58 Feudal Age
10:06 Man-at-Arms
22:00 Castle Age
20:15 Stone Mining
20:54 Double-Bit Axe
25:20 Wheelbarrow
25:16 Bow Saw
26:39 Horse Collar
28:44 Heavy Plow
29:13 Scale Mail Armor
29:33 Squires
29:38 Town Watch
33:04 Chain Mail Armor
33:42 Gold Mining
34:00 Arson
35:23 Fletching
36:59 Forging
43:02 Gold Shaft Mining
42:16 Gambesons
48:34 Imperial Age
48:02 Iron Casting
48:09 Hand Cart
48:30 Hamask
49:43 Conscription
50:00 Plate Mail Armor
53:33 Caravan
53:35 Elite Varangian Guard
56:40 Blast Furnace
56:02 Pikeman
56:41 Bodkin Arrow
56:46 Padded Archer Armor
59:39 Bracer
59:54 Leather Archer Armor
61:25 Chemistry
59:50 Elite Jomsviking
60:22 Elite Skirmisher
64:15 Hoardings
64:53 Thumb Ring
65:22 Ring Archer Armor
65:48 Masonry
65:36 Murder Holes
70:12 Town Patrol
70:21 Siege Engineers
70:37 Ballistics
71:16 Northmen's Fury
73:11 Halberdier
77:49 Coinage
Ithuriel
11:16 Feudal Age
9:33 Loom
11:19 Feudal Age
16:40 Castle Age
16:17 Double-Bit Axe
18:17 Bow Saw
23:20 Horse Collar
26:57 Padded Archer Armor
27:56 Wheelbarrow
31:33 Hand Cart
31:03 Town Watch
32:21 Leather Archer Armor
33:40 Town Watch
34:42 Scale Barding Armor
34:48 Forging
35:26 Bloodlines
36:29 Chain Barding Armor
38:23 Husbandry
39:11 Iron Casting
40:30 Fletching
45:21 Imperial Age
44:24 Gold Mining
44:24 Stone Mining
46:22 Coinage
45:52 Caravan
45:41 Cavalier
46:53 Ring Archer Armor
46:18 Bodkin Arrow
47:04 Plate Barding Armor
47:29 Blast Furnace
47:26 Conscription
47:41 Hoardings
48:33 Banking
48:29 Paladin
50:12 Bodkin Arrow
50:47 Ring Archer Armor
53:56 Elite Conquistador
56:25 Bracer
55:51 Light Cavalry
56:18 Pikeman
60:27 Hussar
65:54 Supremacy
67:51 Halberdier
68:31 Squires
68:33 Scale Mail Armor
73:25 Two-Man Saw
76:17 Chemistry
75:38 Ballistics
75:29 Masonry
79:32 Man-at-Arms
79:57 Gambesons
80:41 Chain Mail Armor
Connection lost

Rejoining the realm…

Still unreachable

The connection could not be restored.

Session expired

The server has moved on; the page needs a fresh start.